 Dungeon Crawl Stone Soup version 0.20-a0-433-g9e36e56 (console) character file.

105 Gottschkopf the Ruffian (level 4, -5/35 HPs)
             Began as a Draconian Transmuter on Jan 4, 2017.
             Slain by a worker ant (7 damage)
             ... on level 3 of the Dungeon.
             The game lasted 00:07:04 (2671 turns).

Gottschkopf the Ruffian (Draconian Transmuter)      Turns: 2671, Time: 00:07:05

Health: -5/35      AC:  5    Str: 13    XL:     4   Next: 54%
Magic:  7/7        EV: 12    Int: 13    God:
Gold:   119        SH:  0    Dex: 12    Spells: 1/7 levels left

rFire  . . .     SeeInvis +       - Unarmed
rCold  . . .     Gourm    .     (armour unavailable)
rNeg   . . .     Faith    .     (no shield)
rPois  .         Spirit   .     (helmet restricted)
rElec  .         Reflect  .     (no cloak)
rCorr  .         Harm     .     (no gloves)
MR     .....                    (no boots)
Stlth  ++........               (no amulet)
                                n - ring of see invisible
                                k - ring of stealth

@: lethally poisoned (-5 -> -14)
A: unfitting armour, cold-blooded, AC +5
a: no special abilities


You were on level 3 of the Dungeon.
You were not hungry.

You visited 1 branch of the dungeon, and saw 3 of its levels.

You collected 119 gold pieces.

Inventory:

Missiles
 a - 53 arrows (quivered)
Jewellery
 k - a ring of stealth (left hand)
 n - a ring of see invisible (right hand)
Scrolls
 f - a scroll of remove curse {unknown}
 g - 2 scrolls of teleportation {unknown}
 h - a scroll of fear {unknown}
 o - a scroll of random uselessness {unknown}
Potions
 e - 2 potions of cure mutation {unknown}
 i - a potion of cancellation {unknown}
 l - a potion of mutation {unknown}
 p - a potion of might {unknown}
Books
 b - a book of Changes

   Spells                             Type                      Level
   a - Beastly Appendage              Transmutation                1
   b - Sticks to Snakes               Transmutation                2
   c - Spider Form                    Transmutation/Poison         3
   d - Ice Form                       Ice/Transmutation            4
   e - Blade Hands                    Transmutation                5
Comestibles
 c - a bread ration
 m - a slice of pizza


   Skills:
 - Level 1.1 Fighting
 - Level 1.7 Dodging
 - Level 4.2 Unarmed Combat
 - Level 2.0 Spellcasting
 + Level 2.6 Transmutations
 - Level 2.4 Poison Magic


You had one spell level left.
You knew the following spells:

 Your Spells              Type           Power        Failure   Level  Hunger
a - Beastly Appendage     Tmut           #.....       10%         1    ##.....
b - Sticks to Snakes      Tmut           #.......     14%         2    ###....
c - Spider Form           Tmut/Pois      #.........   28%         3    ####...


Dungeon Overview and Level Annotations

Branches:
Dungeon (3/15)

Altars:


Innate Abilities, Weirdness & Mutations

Your plain brown scales are hard. (AC +5)
You cannot fit into any form of body armour.
You are cold-blooded and may be slowed by cold attacks.


Message History

The worker ant poisons you!
You closely miss the worker ant.
The worker ant is severely wounded.
* * * LOW HITPOINT WARNING * * *
You feel sick.
The worker ant bites you but does no damage.
You closely miss the worker ant.
Your tail-slap misses the worker ant.
The worker ant is severely wounded.
* * * LOW HITPOINT WARNING * * *
You feel sick.
The worker ant bites you but does no damage.
You hit the worker ant.
The worker ant is almost dead.
The worker ant bites you.
* * * LOW HITPOINT WARNING * * *
You hit the worker ant.
The worker ant is almost dead.
* * * LOW HITPOINT WARNING * * *
You feel sick. The worker ant bites you!
You die...

..... ..... ...
... #.# #.# #.#
###############.#
#....a@...(...<.#
#.###############


You could see a worker ant.

Vanquished Creatures
  Natasha (twice) (D:2)
  An adder (D:1)
  An ooze (D:1)
  2 dart slugs (D:1)
  A worm (D:2)
  A leopard gecko (D:1)
  A giant cockroach (D:2)
  4 goblins
  2 hobgoblins (D:2)
  9 jackals
  2 kobolds (D:1)
  3 bats (D:1)
  2 frilled lizards
  3 rats (D:1)
34 creatures vanquished.

Notes
Turn   | Place    | Note
-------+----------+-------------------------------------------
     0 | D:1      | Gottschkopf the Draconian Transmuter began the quest for the Orb.
     0 | D:1      | Reached XP level 1. HP: 16/16 MP: 3/3
   406 | D:1      | Reached XP level 2. HP: 20/23 MP: 3/5
   428 | D:1      | Learned a level 2 spell: Sticks to Snakes
   658 | D:1      | Reached skill level 4 in Unarmed Combat
   700 | D:1      | Reached XP level 3. HP: 19/28 MP: 4/6
   802 | D:1      | Learned a level 3 spell: Spider Form
   845 | D:1      | Reached skill level 1 in Poison Magic
  1795 | D:2      | Noticed Natasha
  1803 | D:2      | Killed Natasha
  1803 | D:2      | Reached XP level 4. HP: 23/35 MP: 5/7
  1933 | D:2      | Noticed Natasha
  1942 | D:2      | Killed Natasha
  2671 | D:3      | Slain by a worker ant

Vault maps used:
D:1:      roderic_crop_circles_arrival_small, minmay_misc_feat_nine_boxes,
          kennysheep_doodads
D:2:      kennysheep_nondescript, uniq_natasha
D:3:      uniq_jessica, uniq_robin, uniq_crazy_yiuf_cottage, uniq_iyjb

Skill      XL: |  1  2  3 |
---------------+----------+-----
Unarmed Combat | 4 |  4.2
Poison Magic   | 2 |  2.4
Fighting       | |  1.1
Dodging        | |  1.7
Spellcasting   | |  2.0
Transmutations | |  2.6

Action                   |  1- 3 |  4- 6 || total
-------------------------+-------+-------++-------
Melee: Unarmed           |   120 |    26 ||   146
       Tailslap          |    10 |     1 ||    11
       Kick              |    15 |       ||    15
       Headbutt          |     2 |     3 ||     5
       Punch             |     1 |       ||     1
 Cast: Beastly Appendage |    26 |     2 ||    28
 Stab: Sleeping          |     1 |       ||     1
  Eat: Chunk             |     3 |     1 ||     4
       Meat ration       |       |     1 ||     1
Armor: Skin              |    37 |     2 ||    39
Dodge: Dodged            |    87 |    11 ||    98
